 Dungeon Crawl Stone Soup version 0.30-a0-377-g5cb311bc9f (webtiles) character file.

Game seed: 13003376402158701730

29 qeuew the Shield-Bearer (level 3, -2/29 HPs)
             Began as a Formicid Fighter on Nov 28, 2022.
             Succumbed to a goblin's poison
             ... on level 1 of the Dungeon.
             The game lasted 00:00:45 (382 turns).

qeuew the Shield-Bearer (Formicid Fighter)           Turns: 382, Time: 00:00:45

Health: -2/29      AC:  6    Str: 26    XL:     3   Next: 32%
Magic:  3/3        EV: 10    Int:  7    God:
Gold:   35         SH:  5    Dex: 15    Spells: 2/2 levels left

rFire   . . .      SeeInvis +    a - +0 war axe
rCold   . . .      Faith    .    c - +0 buckler
rNeg    . . .      Spirit   .    b - +0 scale mail
rPois   .          Reflect  .    (helmet unavailable)
rElec   .          Harm     .    (no cloak)
rCorr   .          Rampage  .    (no gloves)
Will    .....                    (no boots)
Stlth   ..........               (no amulet)
HPRegen 0.24/turn                f - +6 ring of strength
MPRegen 0.08/turn                (no ring)

@: brilliant, lethally poisoned (-2 -> -27)
A: permanent stasis, dig shafts and tunnels, antennae 3, four strong arms
a: Dig, Shaft Self


You were on level 1 of the Dungeon.
You visited 1 branch of the dungeon, and saw 1 of its levels.

You collected 35 gold pieces.

Inventory:

Hand Weapons
 a - a +0 war axe (weapon)
Armour
 b - a +0 scale mail (worn)
 c - a +0 buckler (worn)
Jewellery
 f - a +6 ring of strength (left hand)
Scrolls
 g - 2 scrolls of enchant weapon {unknown}
 h - a scroll of torment {unknown}
 i - a scroll of enchant armour {unknown}
Potions
 d - a potion of might


   Skills:
 + Level 3.6 Fighting
 + Level 2.3 Axes
 + Level 3.5 Armour
 + Level 0.9 Dodging
 + Level 4.3 Shields


You had 2 spell levels left.
You didn't know any spells.
Your spell library contained the following spells:

 Spells                   Type           Power      Damage    Failure   Level
 Cigotuvi's Dreadful Rot  Necr/Pois/Air  0%         N/A       89%         2
 Dispel Undead            Necr           0%         3d6       100%        4
 Death Channel            Necr           0%         N/A       100%        6


Dungeon Overview and Level Annotations

Branches:
Dungeon (1/15)

Altars:

Shops:
D:1 (


Innate Abilities, Weirdness & Mutations

You cannot be hasted, slowed, berserked, paralysed or teleported.
You can dig through walls and to a lower floor.
You have a pair of large antennae on your head. (SInv)
Your four strong arms can wield two-handed weapons with a shield.


Message History

You see here a +0 dagger.
You completely miss the goblin.
The goblin hits you with a +2 dagger of venom.
You are poisoned.
You barely miss the goblin.
You feel very sick.
The goblin hits you with a +2 dagger of venom.
You closely miss the goblin.
You feel very sick. The goblin hits you but does no damage.
You are more poisoned.
You block the goblin's attack.
You hit the goblin but do no damage.
You feel very sick.
The goblin hits you with a +2 dagger of venom.
You are more poisoned.
You are too injured to fight recklessly!
You are too injured to fight recklessly!
You are too injured to fight recklessly!
You are too injured to fight recklessly!
You are too injured to fight recklessly!
You are too injured to fight recklessly!
You are too injured to fight recklessly!
You are too injured to fight recklessly!
You are too injured to fight recklessly!
You are too injured to fight recklessly!
You are too injured to fight recklessly!
You are too injured to fight recklessly!
You are too injured to fight recklessly!
There is a lethal amount of poison in your body!
You miss the goblin.
* * * LOW HITPOINT WARNING * * *
You feel very sick. You block the goblin's attack.
The goblin hits you with a +2 dagger of venom.
* * * LOW HITPOINT WARNING * * *
You are more poisoned.
It was a potion of brilliance.
You feel clever all of a sudden.
You die...

#####...# ##..†....###
##>.........#
#........##...#
...#......# ##...#
####......# .##
.........# ##
###......###...#
#......@gr.#
#..####..#### +)# #.##
## ..# #### { ########
.......######
.#####......## # # ##
######..##############
.#.##


You could see a goblin and a rat.

Vanquished Creatures
  2 dart slugs (D:1)
  3 endoplasms (D:1)
  A giant cockroach (D:1)
  2 goblins (D:1)
  4 jackals (D:1)
  2 ball pythons (D:1)
  11 frilled lizards (D:1)
  A rat (D:1)
26 creatures vanquished.

Vanquished Creatures (others)
  9 plants (D:1)
9 creatures vanquished.

Grand Total: 35 creatures vanquished

Notes
Turn   | Place    | Note
-------+----------+-------------------------------------------
     0 | D:1      | qeuew the Formicid Fighter began the quest for the Orb.
     0 | D:1      | Reached XP level 1. HP: 18/18 MP: 1/1
   159 | D:1      | Reached XP level 2. HP: 24/24 MP: 2/2
   201 | D:1      | Found Semasya's Antique Weapon Shoppe.
   336 | D:1      | Reached XP level 3. HP: 26/29 MP: 3/3
   382 | D:1      | Succumbed to a goblin's poison

Illustrated notes

Levels and vault maps discovered:
D:1:      dpeg_arrival_shelter, layout_rooms,
          shapermc_ecumenical_altar_flowoftime, serial_shops,
          nicolae_shop_overgrown_old_shop, minmay_lizard_king

Action                   || total
-------------------------++-------
Melee: War axe           ||    54
  Use: Potion            ||     1
Armor: Scale mail        ||    23
Dodge: Dodged            ||    18
Block: Buckler           ||    18

Table legend: (Time is in decaauts)
 A = Elapsed time spent in this place.
 B = Non-inter-level travel time spent in this place.
 C = Inter-level travel time spent in this place.
 D = Time resting spent in this place.
 E = Time spent auto-exploring this place.
 F = Levels seen in this place.
 G = Mean time per level.
                   A        B        C        D        E       F      G
               +--------+--------+--------+--------+--------+-----+--------+
         Total |    404 |    404 |      0 |      0 |    263 |   1 |  404.0 |
       Dungeon |    404 |    404 |      0 |      0 |    263 |   1 |  404.0 |
               +--------+--------+--------+--------+--------+-----+--------+

Top non-repeatable levels by time:
     D:1: 404 daAuts
